 Dungeon Crawl Stone Soup version 0.27-a0-1501-g9d6fb14e67 (webtiles) character file.

Game seed: 14996782708417335037

5961 Kinoniko the Basher (level 10, -1/78 HPs)
             Began as a Palentonga Fighter on July 8, 2021.
             Was a Priest of Okawaru.
             Engulfed by a steam dragon's steam (5 damage)
             ... on level 9 of the Dungeon.
             The game lasted 00:16:00 (14763 turns).

Kinoniko the Basher (Palentonga Fighter)           Turns: 14763, Time: 00:16:00

Health: -1/78      AC:  7    Str: 21 (22) XL:     10   Next: 54%
Magic:  14/14      EV:  7    Int: 15 (17) God:    Okawaru [***...]
Gold:   400        SH: 14    Dex: 10 (12) Spells: 9/9 levels left

rFire    . . .     SeeInvis +   j - +1 whip (venom)
rCold    . . .     Faith    .   c - +5 kite shield
rNeg     . . .     Spirit   .   r - +2 leather armour of Beyond {Int+7 Dex+3}
rPois    .         Reflect  .   (no helmet)
rElec    .         Harm     .   (no cloak)
rCorr    .         Rampage  .   m - +0 pair of gloves {Stlth+}
Will     .....                  (no barding)
Stlth    ++........             (no amulet)
HPRegen  0.23/turn              (no ring)
MPRegen  0.14/turn              (no ring)

@: hasted (expiring), very quick
A: large, rugged brown scales 3, see invisible, deformed body, roll 1, armoured
tail, reflexive curl
a: Rolling Charge, Renounce Religion, Heroism


You were on level 9 of the Dungeon.
You worshipped Okawaru.
Okawaru was most pleased with you.
You visited 2 branches of the dungeon, and saw 10 of its levels.
You also visited: Ossuary.

You collected 659 gold pieces.
You spent 259 gold pieces at shops.

Inventory:

Hand Weapons
 a - a +0 war axe
 j - a +1 whip of venom (weapon)
 p - a +1 whip of electrocution
 t - a +0 whip of flaming
Missiles
 o - 2 throwing nets
 y - a curare-tipped dart
Armour
 b - a +0 scale mail
 c - a +5 kite shield (worn)
 m - a +0 pair of gloves of stealth (worn)
 n - a +0 chain mail
 r - the +2 leather armour of Beyond (worn) {Int+7 Dex+3}
   (You found it on level 5 of the Dungeon)

   Int:       It affects your intelligence (+7).
   Dex:       It affects your dexterity (+3).
Jewellery
 d - a ring of ice
 z - an amulet of guardian spirit
 C - an amulet of magic regeneration
Wands
 e - a wand of flame (20)
 u - a wand of polymorph (15)
 w - a wand of iceblast (22)
Scrolls
 g - a scroll of fog
 h - 3 scrolls of amnesia
 v - 2 scrolls of fear
 x - 3 scrolls of blinking
 B - a scroll of identify
 E - 2 scrolls of magic mapping
Potions
 f - 3 potions of lignification
 i - 4 potions of attraction
 l - 2 potions of mutation
 s - a potion of magic


   Skills:
 + Level 4.8 Fighting
 - Level 6.9(10.4) Axes
 * Level 12.1(12.8) Maces & Flails
 - Level 2.4 Armour
 - Level 3.8 Shields
 - Level 5.6 Invocations


You had 9 spell levels left.
You didn't know any spells.
Your spell library contained the following spells:

 Spells                   Type           Power      Damage    Failure   Level
 Slow                     Hex            0%         N/A       82%         2
 Confusing Touch          Hex            0%         N/A       96%         3
 Conjure Flame            Conj/Fire      0%         6-21      96%         3
 Ignite Poison            Fire/Tmut/Pois 0%         N/A       96%         3
 Ozocubu's Armour         Ice            0%         N/A       96%         3
 Vampiric Draining        Necr           0%         2d6       96%         3
 Sticky Flame             Conj/Fire      0%         2d3       100%        4
 Ozocubu's Refrigeration  Ice            0%         4d5       100%        7


Dungeon Overview and Level Annotations

Branches:
Dungeon (9/15)             Temple (1/1) D:5         Ossuary (visited)
   Lair: D:8-11         Orc: D:9-12

Altars:
Ashenzari
Cheibriados
Dithmenos
Elyvilon
Fedhas
Gozag
Hepliaklqana
Kikubaaqudgha
Makhleb
Nemelex Xobeh
Okawaru
Qazlal
Ru
Trog
Uskayaw
Vehumet
Wu Jian
Xom
Yredelemnul
The Shining One

Shops:
D:2 *   D:4 (

Annotations:
D:9 Maggie


Innate Abilities, Weirdness & Mutations

You are completely covered in rugged brown scales. (AC +3, +7% HP)
You have supernaturally acute eyesight. (SInv)
Armour fits poorly on your strangely shaped body.
You can roll at nearby foes to attack.
You have a long armoured tail.
You curl defensively after being hit.


Message History

Maggie the Vainglorious comes into view.
She is wielding a +0 broad axe of freezing.
Okay, then.
As you read the scroll of fear, it crumbles to dust.
You assume a fearsome visage.
Maggie looks frightened!
Maggie shouts!
You feel like a meek peon again.
The steam dragon hisses angrily.
Maggie moans, "Oh dear!
Oh dear!"
Found a stone staircase leading down.
Okawaru accepts your kill.
You feel a bit more experienced.
You start resting.
A steam dragon is nearby!
A steam dragon is nearby!
You are too injured to fight recklessly!
You are too injured to fight recklessly!
You are too injured to fight recklessly!
The steam dragon breathes steam at you. The ball of steam hits you!
* * * LOW HITPOINT WARNING * * *
You hear a bellow!
You are engulfed in a cloud of scalding steam.
* * * LOW HITPOINT WARNING * * *
Your extra speed is starting to run out.
Unknown command.
Okay, then.
You hit the steam dragon.
The steam dragon is poisoned.
You tail-slap the steam dragon.
The steam dragon is lightly wounded.
You are engulfed in a cloud of scalding steam.
The steam dragon barely misses you. You block the steam dragon's attack.
Unknown command.
You hit the steam dragon.
The steam dragon is lightly wounded.
You are engulfed in a cloud of scalding steam.
Unknown command.
You hit the steam dragon.
The steam dragon is moderately wounded.
You are engulfed in a cloud of scalding steam.
You die...

#. #.## #..# #... #.
( #§§# #. .## #§.##
.. ... #.§## . #.#
##§§# #[ #. ##@#
#.#. #
#D#######..#..## #
#.............†###
#..........#..#†#.
#......#.# #..##.#
#....###.####.##YY
##....##...##..####
##........_.........
#...........#....###


You could see a steam dragon (very poisoned, catching breath).

Vanquished Creatures
  A two-headed ogre (D:9)
  Pikel (D:5)
  Joseph (D:9)
  A hornet (D:8)
  4 yaks (D:9)
  Sigmund (D:3)
  A steam dragon (D:7)
  Menkaure (D:5)
  Duvessa (D:5)
  A water moccasin (D:7)
  2 sky beasts
  2 ice beasts
  3 necrophages (D:7)
  5 ogres
  2 phantoms (D:5)
  2 lemures (D:5)
  A kobold brigand (D:8)
  A bullfrog (D:6)
  Dowan (D:5)
  A scorpion (D:4)
  A wyvern zombie (D:6)
  2 water moccasin zombies
  A water moccasin skeleton (D:7)
  11 killer bees
  A centaur zombie (D:5)
  A bullfrog zombie (D:6)
  4 jellies
  A gnoll shaman (D:5)
  2 orc priests
  2 bullfrog skeletons
  2 hounds
  An iguana (D:4)
  Ijyb (D:5)
  5 orc wizards
  Natasha (thrice) (D:2)
  2 killer bee zombies (D:7)
  2 hound skeletons
  3 mummies (Ossuary)
  2 howler monkey zombies (D:7)
  7 gnolls (D:4)
  9 adders
  A shadow imp (D:8)
  A white imp (D:8)
  An adder zombie (Ossuary)
  An adder skeleton (D:4)
  3 dart slugs
  31 orcs
  9 ball pythons
  6 bats
  5 endoplasms
  3 giant cockroaches
  10 goblins
  5 hobgoblins
  4 jackals
  7 quokkas
  A frilled lizard (D:1)
  A gnoll zombie (Ossuary)
  2 goblin zombies (Ossuary)
  2 hobgoblin zombies (Ossuary)
  12 kobolds
  5 kobold zombies (Ossuary)
  4 quokka zombies (Ossuary)
  5 rats
  3 rat zombies (Ossuary)
  2 bushes (D:7)
220 creatures vanquished.

Vanquished Creatures (others)
  11 plants (D:7)
11 creatures vanquished.

Grand Total: 231 creatures vanquished

Notes
Turn   | Place    | Note
-------+----------+-------------------------------------------
     0 | D:1      | Kinoniko the Palentonga Fighter began the quest for the
                  | Orb.
     0 | D:1      | Reached XP level 1. HP: 19/19 MP: 1/1
   125 | D:1      | Reached XP level 2. HP: 25/25 MP: 2/2
   548 | D:1      | Reached XP level 3. HP: 29/31 MP: 3/3
   650 | D:1      | Found a faded altar of an unknown god.
  1111 | D:2      | Noticed Natasha
  1114 | D:2      | Killed Natasha
  1192 | D:2      | Noticed Natasha
  1199 | D:2      | Killed Natasha
  1200 | D:2      | Reached XP level 4. HP: 15/37 MP: 4/4
  1581 | D:2      | Found Vuurchewk's Assorted Antiques.
  2085 | D:2      | Noticed Natasha
  2095 | D:2      | Killed Natasha
  2096 | D:2      | Reached skill level 5 in Axes
  2550 | D:3      | Noticed Sigmund
  2558 | D:3      | Killed Sigmund
  2559 | D:3      | Reached XP level 5. HP: 24/43 MP: 5/5
  2559 | D:3      | Reached XP level 6. HP: 27/50 MP: 6/6
  3876 | D:3      | Reached skill level 1 in Maces & Flails
  4172 | D:4      | Reached skill level 2 in Maces & Flails
  4576 | D:4      | Found a sand-covered staircase.
  4584 | Ossuary  | Entered an ossuary
  4591 | Ossuary  | Reached skill level 3 in Maces & Flails
  4591 | Ossuary  | Gained mutation: You curl defensively after being hit.
                  | [Palentonga growth]
  4591 | Ossuary  | Reached XP level 7. HP: 33/55 MP: 7/7
  5271 | D:4      | Found Laafaong's Weapon Shop.
  5314 | D:4      | Reached skill level 4 in Maces & Flails
  6017 | D:5      | Entered Level 5 of the Dungeon
  6312 | D:4      | Reached skill level 5 in Maces & Flails
  6677 | D:5      | Noticed Ijyb
  6678 | D:5      | Found a shadowy altar of Dithmenos.
  7151 | D:5      | Killed Ijyb
  7457 | D:5      | Reached skill level 6 in Maces & Flails
  7524 | D:5      | Reached XP level 8. HP: 42/62 MP: 8/8
  7532 | D:5      | Identified the +2 leather armour of Beyond {Int+7 Dex+3}
  7835 | D:5      | Noticed Pikel
  7851 | D:5      | Noticed Menkaure
  7855 | D:5      | Killed Pikel
  7856 | D:5      | Reached skill level 7 in Maces & Flails
  8158 | D:5      | Noticed Dowan
  8159 | D:5      | Noticed Duvessa
  8169 | D:5      | Killed Duvessa
  8170 | D:5      | Reached skill level 8 in Maces & Flails
  8175 | D:5      | Found a basalt altar of Yredelemnul.
  8465 | D:5      | Found a staircase to the Ecumenical Temple.
  8472 | Temple   | Entered the Ecumenical Temple
  8539 | Temple   | Became a worshipper of Warmaster Okawaru
  8565 | D:5      | Killed Menkaure
  8566 | D:5      | Reached skill level 1 in Invocations
  8721 | D:5      | Killed Dowan
  9042 | D:5      | Reached XP level 9. HP: 61/67 MP: 10/10
  9242 | D:5      | Found a broken altar of Ashenzari.
  9258 | D:6      | Reached skill level 9 in Maces & Flails
  9543 | D:6      | Found an ornate altar of the Wu Jian Council.
  9543 | D:6      | Found a hide-covered altar of Uskayaw.
  9987 | D:6      | Reached * piety under Okawaru
 10993 | D:7      | Reached skill level 10 in Maces & Flails
 12150 | D:7      | Identified a scroll of acquirement
 12175 | D:7      | Reached skill level 5 in Invocations
 12441 | D:2      | Bought a dented jasper amulet for 125 gold pieces
 12441 | D:2      | Bought a lumpy blue potion for 22 gold pieces
 12441 | D:2      | Bought a scroll of fear for 87 gold pieces
 12441 | D:2      | Bought a scroll labelled HOENOE ELEISK for 25 gold pieces
 12443 | D:2      | Acquired a +0 pair of gloves of stealth
 12675 | D:7      | Found a blossoming altar of Fedhas.
 13061 | D:7      | Reached ** piety under Okawaru
 13287 | D:8      | Reached skill level 11 in Maces & Flails
 13287 | D:8      | Reached XP level 10. HP: 69/74 MP: 14/14
 14332 | D:9      | Noticed Joseph
 14355 | D:9      | Killed Joseph
 14672 | D:9      | Noticed a two-headed ogre
 14711 | D:9      | Killed a two-headed ogre
 14711 | D:9      | Reached *** piety under Okawaru
 14712 | D:9      | Reached skill level 12 in Maces & Flails
 14725 | D:9      | Found a bloodstained altar of Trog.
 14726 | D:9      | Noticed Maggie
 14763 | D:9      | Engulfed by a steam dragon's steam

Illustrated notes

Levels and vault maps discovered:
D:1:      dpeg_arrival_rhombi, layout_basic, dreamdust_ecumenical_altar_statues,
          minivault_14
D:2:      layout_basic, serial_shops, shop, minmay_misc_feat_chi, uniq_natasha
D:3:      layout_loops_ring, minmay_misc_feat_alley, uniq_sigmund
D:4:      layout_basic, serial_shops, shop, chequers_ossuary_entry_cave
D:5:      layout_cave_pools, kennysheep_mini_moat, amcnicky_altar_gilded,
          lemuel_round_altar, minmay_temple_entry_wispy, serial_park_tiny_1,
          uniq_menkaure, uniq_duvessa, uniq_ijyb, uniq_pikel
D:6:      layout_basic, gammafunk_temple_overflow_statue
D:7:      layout_gridville, fedhas_altar_decomposition, eino_jars
D:8:      layout_loops_ring, minmay_fountain_box, corexii_checkpoint_a,
          minmay_misc_feat_tiny
D:9:      minmay_the_grid_octo_tiled_squarecenter
          [minmay_the_grid_octo_vomiting_pacman,
          minmay_the_grid_octo_fan_narrow, minmay_the_grid_octo_toaster,
          minmay_the_grid_octo_thin_diamonds,
          minmay_the_grid_square_5x5_megaprize_diamond,
          minmay_the_grid_square_5x5_bite, minmay_the_grid_square_5x5_c,
          minmay_the_grid_square_5x5_checkered,
          minmay_the_grid_square_5x5_two_walls_b], layout_loops_ring,
          trog_three_pillars_becter, uniq_maggie, uniq_harold, uniq_joseph
Temple:   cyrus_circular_temple

Skill      XL: |  1  2  3  4  5  6  7  8  9 10 |
---------------+-------------------------------+-----
Axes           | 3 4 6 |  6.9
Maces & Flails | 3 6 8 11 12 | 12.1
Shields        | 3 |  3.8
Invocations    | 1 5 |  5.6
Fighting       | 4 |  4.8
Armour         | |  2.4

Action                   |  1- 3 |  4- 6 |  7- 9 | 10-12 || total
-------------------------+-------+-------+-------+-------++-------
Melee: War axe           |    67 |   103 |    51 |       ||   221
       Tailslap          |     9 |    15 |    79 |    24 ||   127
       Whip              |       |    62 |   468 |   154 ||   684
       Unarmed           |       |       |     9 |       ||     9
Invok: Heroism           |       |       |     2 |     2 ||     4
  Use: Potion            |       |     1 |     6 |     4 ||    11
       Scroll            |       |     5 |    17 |     3 ||    25
 Stab: Distracted        |       |       |     1 |       ||     1
       Sleeping          |       |       |       |     2 ||     2
Armor: Scale mail        |    44 |    69 |    52 |       ||   165
       Chain mail        |       |       |     9 |       ||     9
       Skin              |       |       |     7 |       ||     7
       Leather armour    |       |       |    51 |     9 ||    60
Dodge: Dodged            |    24 |    31 |   104 |    20 ||   179
Block: Kite shield       |    28 |    63 |   250 |    60 ||   401

Table legend: (Time is in decaauts)
 A = Elapsed time spent in this place.
 B = Non-inter-level travel time spent in this place.
 C = Inter-level travel time spent in this place.
 D = Time resting spent in this place.
 E = Time spent auto-exploring this place.
 F = Levels seen in this place.
 G = Mean time per level.
                   A        B        C        D        E       F      G
               +--------+--------+--------+--------+--------+-----+--------+
         Total |  14707 |  13794 |    913 |   4914 |   7103 |  11 | 1337.0 |
       Dungeon |  14257 |  13344 |    913 |   4779 |   6922 |   9 | 1584.1 |
        Temple |     76 |     76 |      0 |      0 |     44 |   1 |   76.0 |
       Ossuary |    373 |    373 |      0 |    135 |    137 |   1 |  373.0 |
               +--------+--------+--------+--------+--------+-----+--------+

Top non-repeatable levels by time:
     D:4: 2660 daAuts
     D:7: 2094 daAuts
     D:3: 1933 daAuts
     D:5: 1835 daAuts
     D:2: 1809 daAuts
     D:6: 1447 daAuts
     D:8: 1082 daAuts
     D:1: 1010 daAuts
     D:9: 384 daAuts
 Ossuary: 373 daAuts
  Temple: 76 daAuts
